 Dungeon Crawl Stone Soup version 0.27.1-34-g3ba077fa99 (webtiles) character file.

Game seed: 15074661033368175793

338 sankara the Chopper (level 6, -2/51 HPs)
             Began as a Hill Orc Fighter on Jan 17, 2022.
             Slain by an ogre (18 damage)
             ... on level 4 of the Dungeon.
             The game lasted 00:05:59 (3943 turns).

sankara the Chopper (Hill Orc Fighter)              Turns: 3943, Time: 00:06:00

Health: -2/51      AC: 13    Str: 19    XL:     6   Next: 55%
Magic:  6/6        EV:  3    Int:  8    God:
Gold:   110        SH:  9    Dex: 12    Spells: 5/5 levels left

rFire    . . .     SeeInvis .   a - +0 war axe
rCold    . . .     Faith    .   c - +0 kite shield
rNeg     . . .     Spirit   .   e - +0 plate armour
rPois    .         Reflect  .   (no helmet)
rElec    .         Harm     .   h - +0 cloak
rCorr    .         Rampage  .   (no gloves)
Will     .....                  (no boots)
Stlth    ..........             (no amulet)
HPRegen  0.17/turn              (no ring)
MPRegen  0.10/turn              (no ring)

@: no status effects
A: no striking features
a: no special abilities


You were on level 4 of the Dungeon.
You visited 1 branch of the dungeon, and saw 4 of its levels.

You collected 110 gold pieces.

Inventory:

Hand Weapons
 a - a +0 war axe (weapon)
 n - the +9 long sword of the End of Times {protect, Fly rN+ Dex+2}
   (You found it on level 4 of the Dungeon)

   It grants its wielder temporary protection when it strikes (+7 to AC).
   Dex:       It affects your dexterity (+2).
   rN:        It protects you from negative energy.
   Fly:       It grants you flight.
Armour
 b - a +0 scale mail
 c - a +0 kite shield (worn)
 e - a +0 plate armour (worn)
 h - a +0 cloak (worn)
 o - a scarf of repulsion
Scrolls
 f - 6 scrolls of identify {unknown}
 i - a scroll of enchant armour {unknown}
 j - a scroll of noise {unknown}
 k - 3 scrolls of amnesia {unknown}
 l - a scroll of blinking {unknown}
 m - a scroll of immolation {unknown}
Potions
 d - 2 potions of might
 g - a potion of attraction


   Skills:
 - Level 3.6 Fighting
 * Level 6.5 Axes
 + Level 4.8 Armour
 + Level 4.8 Shields


You had 5 spell levels left.
You didn't know any spells.
Your spell library was empty.

Dungeon Overview and Level Annotations

Branches:
Dungeon (4/15)
 Temple: D:4-7

Altars:
Elyvilon
Nemelex Xobeh
The Shining One

Shops:
D:4 *


Message History

No target in view!
No target in view!
No target in view!
No target in view!
No target in view!
No target in view!
No target in view!
No target in view!
No target in view!
No target in view!
No target in view!
An ogre comes into view. It is wielding a +0 giant spiked club.
Found Duatuepn's Gadget Gallery.
The ogre shouts!
An ogre is nearby!
You hit the ogre.
The ogre is lightly wounded.
The ogre hits you with a +0 giant spiked club!
Your shield and plate armour prevent you from hitting the ogre.
The ogre is lightly wounded.
The ogre hits you with a +0 giant spiked club.
You closely miss the ogre.
The ogre is lightly wounded.
The ogre hits you but does no damage.
You barely miss the ogre.
The ogre is lightly wounded.
The ogre hits you with a +0 giant spiked club.
You slash the ogre!
The ogre is heavily wounded.
The ogre hits you with a +0 giant spiked club!!
You are too injured to fight recklessly!
You are too injured to fight recklessly!
You are too injured to fight recklessly!
You slash the ogre!
The ogre is almost dead.
You block the ogre's attack.
Your plate armour prevents you from hitting the ogre.
The ogre is almost dead.
The ogre hits you with a +0 giant spiked club!!
You die...

#.##.... #.##...# ##.
# #.##.#.# #.. #.
#.##.#.# .∩ .#
#.##.#.# .. .#
#.##.#.## ##.##.#
#.......# #.....#
####....#######O#..#
#._..<.......@..#
#...#####....#.##
#...# #.####.# #.#.#
#.# #)# #.#.#
#.####.###
####.#.#####.##..!..#
.....#.....#.##.###.#
...#...###......# .#
##.#...# ######.###.#


You could see an ogre.

Vanquished Creatures
  A hound (D:4)
  An orc priest (D:3)
  A jelly (D:4)
  Crazy Yiuf (D:2)
  Jessica (D:2)
  An orc wizard (D:3)
  An iguana (D:4)
  5 adders
  An adder skeleton (D:3)
  3 worms
  6 orcs
  3 bats
  7 endoplasms
  2 giant cockroaches
  5 goblins
  6 hobgoblins
  12 jackals
  3 quokkas
  8 ball pythons
  3 frilled lizards
  8 kobolds
  4 rats (D:1)
83 creatures vanquished.

Vanquished Creatures (others)
  8 demonic plants (D:2)
  5 fungi (D:2)
  5 plants (D:2)
  3 withered plants (D:2)
21 creatures vanquished.

Grand Total: 104 creatures vanquished

Notes
Turn   | Place    | Note
-------+----------+-------------------------------------------
     0 | D:1      | sankara the Hill Orc Fighter began the quest for the Orb.
     0 | D:1      | Reached XP level 1. HP: 19/19 MP: 1/1
   151 | D:1      | Reached skill level 3 in Axes
   213 | D:1      | Reached XP level 2. HP: 26/26 MP: 2/2
   671 | D:1      | Reached XP level 3. HP: 27/31 MP: 3/3
  1383 | D:2      | Reached skill level 4 in Axes
  1563 | D:2      | You fall into a shaft and drop 2 floors!
  1585 | D:4      | Reached XP level 4. HP: 32/39 MP: 4/4
  1671 | D:3      | Reached skill level 5 in Axes
  1671 | D:3      | Reached XP level 5. HP: 13/45 MP: 5/5
  2349 | D:2      | Noticed Jessica
  2355 | D:2      | Killed Jessica
  2417 | D:2      | Found a faded altar of an unknown god.
  2654 | D:2      | Found a runed translucent door.
  2655 | D:2      | Noticed Crazy Yiuf
  2774 | D:2      | Killed Crazy Yiuf
  2775 | D:2      | Reached skill level 6 in Axes
  2775 | D:2      | Reached XP level 6. HP: 12/51 MP: 6/6
  3191 | D:3      | Found a white marble altar of Elyvilon.
  3400 | D:3      | Found a glowing golden altar of the Shining One.
  3708 | D:4      | Found a sparkling altar of Nemelex Xobeh.
  3737 | D:4      | Identified the +9 long sword of the End of Times {protect,
                  | Fly rN+ Dex+2}
  3936 | D:4      | Found Duatuepn's Gadget Gallery.
  3943 | D:4      | Slain by an ogre

Illustrated notes

Levels and vault maps discovered:
D:1:      dpeg_chamrin_arrival_tetris, layout_basic
D:2:      layout_loops_corners, shapermc_ecumenical_altar_gd, uniq_jessica,
          uniq_crazy_yiuf_cottage
D:3:      layout_basic, elyvilon_altar_4, general_overflow_altar
D:4:      layout_loops_ring, mainiacjoe_overflow_boulevard, old_standard_altar,
          nicolae_shop_gadgets

Skill      XL: |  1  2  3  4  5 |
---------------+----------------+-----
Axes           | 3 4 5 6 |  6.5
Armour         | 4 |  4.8
Shields        | 4 |  4.8
Fighting       | |  3.6

Action                   |  1- 3 |  4- 6 || total
-------------------------+-------+-------++-------
Melee: War axe           |   106 |   213 ||   319
  Use: Potion            |       |     3 ||     3
Armor: Plate armour      |    88 |   160 ||   248
Dodge: Dodged            |    11 |    31 ||    42
Block: Kite shield       |    67 |   121 ||   188
